 Dungeon Crawl Stone Soup version 0.28-a0-750-g7c675f85b1 (webtiles) character file.

Game seed: 8139896324631767165

493 bande the Chopper (level 7, -3/43 HPs)
             Began as a Gargoyle Fighter on Oct 30, 2021.
             Slain by Duvessa (8 damage)
             ... on level 4 of the Dungeon.
             The game lasted 00:06:10 (3166 turns).

bande the Chopper (Gargoyle Fighter)                Turns: 3166, Time: 00:06:11

Health: -3/43      AC: 21    Str: 19 (21) XL:     7   Next: 15%
Magic:  7/7        EV:  9    Int:  5 (8)  God:
Gold:   106        SH:  4    Dex:  7 (10) Spells: 6/6 levels left

rFire   . . .      SeeInvis .   a - +0 war axe
rCold   . . .      Faith    .   c - +0 buckler
rNeg    + . .      Spirit   .   g - +0 plate armour
rPois   ∞          Reflect  .   (no helmet)
rElec   +          Harm     .   j - +0 cloak
rCorr   .          Rampage  .   i - +2 pair of gloves
Will    .....                   (no boots)
Stlth   ..........              (no amulet)
HPRegen 0.14/turn               e - +4 ring of evasion
MPRegen 0.10/turn               (no ring)

@: no status effects
A: sickness immunity, AC +4, negative energy resistance 1, electricity
resistance, torment resistance 1, petrification resistance
a: no special abilities


You were on level 4 of the Dungeon.
You visited 1 branch of the dungeon, and saw 4 of its levels.

You collected 106 gold pieces.

Inventory:

Hand Weapons
 a - a +0 war axe (weapon)
Armour
 c - a +0 buckler (worn)
 g - a +0 plate armour (worn)
 i - a +2 pair of gloves (worn)
 j - a +0 cloak (worn)
Jewellery
 e - a +4 ring of evasion (left hand)
Wands
 m - a wand of iceblast (11)
 n - a wand of mindburst (14)
Scrolls
 l - a scroll of teleportation
 o - a scroll of summoning
 p - a scroll of identify
Potions
 b - a potion of flight
 d - a potion of might
 f - 2 potions of brilliance
 k - a potion of curing {unknown}


   Skills:
 + Level 4.2 Fighting
 + Level 5.1 Axes
 + Level 4.7 Armour
 + Level 4.2 Shields
 * Level 1.0 Evocations


You had 6 spell levels left.
You didn't know any spells.
Your spell library contained the following spells:

 Spells                   Type           Power      Damage    Failure   Level
 Beastly Appendage        Tmut           0%         N/A       100%        1
 Blink                    Tloc           0%         N/A       100%        2
 Wereblood                Tmut           0%         N/A       100%        2
 Spider Form              Tmut/Pois      0%         N/A       100%        3


Dungeon Overview and Level Annotations

Branches:
Dungeon (4/15)
 Temple: D:4-7

Altars:

Annotations:
D:4 Dowan, Duvessa


Innate Abilities, Weirdness & Mutations

You are immune to sickness and miasma.
Your stone body is resilient. (AC +4)
You are immune to poison.
You resist negative energy. (rN+)
You are resistant to electric shocks. (rElec)
You are resistant to unholy torment.
You are immune to petrification.


Message History

Dowan gestures wildly while chanting.
Dowan blinks!
Duvessa misses you.
You hit Duvessa.
Duvessa is severely wounded.
Dowan gestures wildly while chanting.
Dowan blinks!
Duvessa hits you with a +0 short sword!
Dowan points at you and mumbles some strange words.
The puff of frost hits you.
You are too injured to fight recklessly!
You are too injured to fight recklessly!
You are too injured to fight recklessly!
Unknown command.
Dowan closely misses you. Duvessa completely misses you.
You closely miss Dowan.
Dowan is lightly wounded.
You hit Duvessa but do no damage. Dowan hits you with a +0 dagger.
You block Duvessa's attack.
You closely miss Dowan.
Dowan is lightly wounded.
You hit Duvessa but do no damage. Duvessa hits you but does no damage.
Dowan hits you but does no damage.
You hit Dowan.
Dowan is moderately wounded.
You hit Duvessa. Duvessa barely misses you. You block Dowan's attack.
You closely miss Dowan.
Dowan is moderately wounded.
You closely miss Duvessa. Duvessa hits you with a +0 short sword!
* * * LOW HITPOINT WARNING * * *
Dowan completely misses you. Dowan closely misses you.
Duvessa hits you but does no damage.
You hit Dowan.
Dowan is heavily wounded.
You hit Duvessa. Duvessa hits you with a +0 short sword!
* * * LOW HITPOINT WARNING * * *
Dowan closely misses you.
It was a potion of degeneration.
There was something very wrong with that liquid.
You feel weakened.
You feel dopey.
You feel clumsy. Duvessa hits you with a +0 short sword!
You die...

#.........#
......
#.........#
####..
#.........# +..
#.........# ..
#.. #.........#
... #..
#...####+##....
###..
#...##.......:#
#....
#....'........#
#....
#....#@e......+
#....
#....#e.......#
#....
###+##.......$#
#....
.....#+###
##### ..>...#
......#
.......#
.......#


You could see Duvessa (strong) and Dowan.

Vanquished Creatures
  Menkaure (D:4)
  An ogre (D:3)
  A scorpion (D:4)
  2 orc priests (D:3)
  Crazy Yiuf (D:2)
  Jessica (D:3)
  3 adders
  5 orcs
  8 ball pythons
  11 bats
  8 endoplasms
  3 giant cockroaches
  4 goblins
  13 hobgoblins
  3 jackals
  5 quokkas
  2 frilled lizards (D:1)
  2 kobolds
  6 rats
80 creatures vanquished.

Notes
Turn   | Place    | Note
-------+----------+-------------------------------------------
     0 | D:1      | bande the Gargoyle Fighter began the quest for the Orb.
     0 | D:1      | Reached XP level 1. HP: 14/14 MP: 1/1
   275 | D:1      | Reached XP level 2. HP: 19/19 MP: 2/2
   279 | D:1      | Reached skill level 2 in Axes
   581 | D:1      | Reached XP level 3. HP: 23/23 MP: 3/3
   705 | D:1      | Found a faded altar of an unknown god.
  1312 | D:2      | Reached XP level 4. HP: 28/28 MP: 4/4
  1507 | D:2      | Found a runed translucent door.
  1508 | D:2      | Noticed Crazy Yiuf
  1850 | D:2      | Killed Crazy Yiuf
  1851 | D:2      | Reached skill level 3 in Axes
  1945 | D:3      | Noticed an ogre
  1958 | D:3      | Killed an ogre
  1959 | D:3      | Reached XP level 5. HP: 25/33 MP: 5/5
  2168 | D:3      | Reached skill level 4 in Axes
  2173 | D:3      | Reached XP level 6. HP: 24/38 MP: 6/6
  2521 | D:3      | Noticed Jessica
  2524 | D:3      | Killed Jessica
  2534 | D:3      | Got Jessica's Volume of Displacement
  2951 | D:4      | Noticed Menkaure
  2959 | D:4      | Killed Menkaure
  2960 | D:4      | Reached XP level 7. HP: 29/43 MP: 7/7
  3080 | D:4      | Reached skill level 5 in Axes
  3080 | D:4      | Reached skill level 1 in Evocations
  3149 | D:4      | Noticed Duvessa
  3150 | D:4      | Noticed Dowan
  3166 | D:4      | Slain by Duvessa

Illustrated notes

Levels and vault maps discovered:
D:1:      kennysheep_arrival_forest, layout_basic, basic_ecumenical_altar
D:2:      layout_rooms, minmay_misc_feat_x, uniq_crazy_yiuf_cottage
D:3:      layout_rooms, kennysheep_jessica_study
D:4:      layout_gridville, minmay_quadrilaterals, uniq_menkaure, uniq_duvessa

Skill      XL: |  1  2  3  4  5  6  7 |
---------------+----------------------+-----
Axes           | 2 3 4 5 |  5.1
Armour         | 4 |  4.7
Shields        | 4 |  4.2
Fighting       | 4 |  4.2
Evocations     | 1 |  1.0

Action                   |  1- 3 |  4- 6 |  7- 9 || total
-------------------------+-------+-------+-------++-------
Melee: War axe           |   116 |   127 |    17 ||   260
  Use: Scroll            |     2 |     9 |       ||    11
       Potion            |       |       |     1 ||     1
Armor: Scale mail        |    79 |    22 |       ||   101
       Plate armour      |       |    58 |    10 ||    68
Dodge: Dodged            |    49 |    76 |    11 ||   136
Block: Buckler           |    32 |    31 |     4 ||    67

Table legend: (Time is in decaauts)
 A = Elapsed time spent in this place.
 B = Non-inter-level travel time spent in this place.
 C = Inter-level travel time spent in this place.
 D = Time resting spent in this place.
 E = Time spent auto-exploring this place.
 F = Levels seen in this place.
 G = Mean time per level.
                   A        B        C        D        E       F      G
               +--------+--------+--------+--------+--------+-----+--------+
         Total |   3259 |   3230 |     29 |    617 |   1869 |   4 |  814.8 |
       Dungeon |   3259 |   3230 |     29 |    617 |   1869 |   4 |  814.8 |
               +--------+--------+--------+--------+--------+-----+--------+

Top non-repeatable levels by time:
     D:2: 1274 daAuts
     D:1: 984 daAuts
     D:3: 623 daAuts
     D:4: 378 daAuts
